Map: Kairos Junction LE

Players

DnS - Winner!

  • Race: Protoss Protoss
  • Spawn Location: 11:00

Gerald

  • Race: Protoss Protoss
  • Spawn Location: 5:00

Event: 2019 WCS Spring

VOD

Have the link to the VOD?

Description

Time

  • Played on: May 17, 2019, 10:13 a.m.
  • Length: 6:44

All games in this series

Show
View Real Time Build Order
Export as new Build Order

DnS Protoss - Winner!

Build Orders:  

Get SALT Encoding   

  12  0:00  Probe  
  13  0:12  Probe  
  14  0:17  Pylon  
  14  0:24  Probe  
  15  0:32  Probe  
  15  0:36  Gateway  
  15  0:40  Probe  
  16  0:46  Assimilator  
  17  0:51  Probe  
  17  0:54  Assimilator  
  18  1:00  Probe  
  19  1:07  Gateway  
  19  1:08  Probe  
  19  1:17  Probe  
  20  1:23  Cybernetics Core  
  21  1:29  Probe  
  22  1:34  Pylon  
  22  1:41  Probe  
  22  1:46  Warp Gate  
  23  1:53  Probe  
  24  2:00  Stalker x2  
  28  2:08  Pylon  
  28  2:30  Stalker x2  
  32  2:51  Pylon  
  32  2:52  Pylon  
  32  3:00  Sentry x2  
  34  3:18  Robotics Facility  
  33  3:29  Probe  
  34  3:35  Stalker x2  
  37  3:46  Probe  
  38  3:54  Nexus  
  38  3:59  Stalker, Sentry  
  42  4:04  Probe  
  44  4:11  Immortal  
  44  4:19  Probe  
  45  4:33  Adept  
  45  4:36  Shield Battery  
  47  4:40  Pylon  
  47  4:47  Shield Battery  
  47  4:50  Immortal  
  49  5:11  Sentry  
  49  5:12  Sentry  
  53  5:21  Warp Prism  
  51  5:35  Shield Battery  
  51  5:37  Stalker  
  51  5:42  Stalker  
  41  5:59  Immortal  
  41  6:01  Probe  
  46  6:05  Probe  
  46  6:08  Stalker  
  49  6:13  Probe  
  49  6:17  Stalker  
  49  6:18  Probe  
  52  6:21  Probe  
  54  6:26  Probe  
  54  6:29  Probe  
  55  6:38  Stalker  
Show
View Real Time Build Order
Export as new Build Order

Gerald Protoss 

Build Orders:  

Get SALT Encoding   

  12  0:00  Probe  
  13  0:13  Probe  
  14  0:18  Pylon  
  14  0:23  Probe  
  15  0:32  Probe  
  15  0:38  Gateway  
  15  0:40  Probe  
  16  0:46  Assimilator  
  17  0:52  Probe  
  17  0:55  Assimilator  
  18  1:04  Probe  
  18  1:08  Gateway  
  19  1:16  Probe  
  20  1:25  Cybernetics Core  
  20  1:28  Probe  
  20  1:31  Pylon  
  21  1:41  Probe  
  22  1:53  Probe  
  23  1:54  Adept x2  
  23  2:02  Warp Gate  
  23  2:06  Pylon  
  23  2:07  Probe  
  28  2:27  Stalker  
  30  2:30  Stalker  
  30  2:35  Robotics Facility  
  32  2:45  Pylon  
  32  2:47  Shield Battery  
  32  3:03  Stalker  
  34  3:20  Gateway  
  34  3:23  Immortal  
  37  3:27  Shield Battery  
  37  3:33  Pylon  
  37  3:53  Sentry x2  
  41  4:02  Warp Prism  
  43  4:16  Shield Battery  
  43  4:22  Probe  
  39  4:32  Stalker x3, Pylon  
  39  4:36  Observer  
  46  4:58  Nexus  
  46  5:09  Sentry x3  
  46  5:11  Probe  
  53  5:34  Zealot  
  51  5:46  Zealot x2  
  51  5:49  Warp Prism  
  47  5:56  Probe  
  40  5:58  Stalker  
  42  6:08  Stalker, Sentry  
  42  6:13  Probe  
  42  6:14  Probe  
  44  6:23  Sentry  
  46  6:26  Probe x2  
Tags
 
Add a new tag
Caveats
  • Supply blocks, unpowered buildings, or Contaminate may cause inaccurate times.
  • Supply counts are checked every 10 seconds.